 Dungeon Sprint DCSS version 0.18-a0-1805-g8ab820f (webtiles) character file.

125 Kidiri the Sneak (level 4, -12/34 HPs)
             Began as a Spriggan Enchanter on Apr 25, 2016.
             Mangled by a neqoxec (15 damage)
             ... in the Dungeon (Sprint II: "The Violet Keep of Menkaure").
             The game lasted 00:00:20 (17 turns).

Kidiri the Sneak (Spriggan Enchanter)                 Turns: 17, Time: 00:00:21

Health: -12/34     AC:  2    Str:  9    XL:     4   Next: 82%
Magic:  4/11       EV: 22    Int: 16    God:
Gold:   0          SH:  0    Dex: 17    Spells: 1 memorised, 12 levels left

rFire  . . .     SeeInvis +     a - +1 dagger
rCold  . . .     Gourm    .     b - +1 robe
rNeg   . . .     Faith    .     (shield restricted)
rPois  .         Spirit   .     (helmet restricted)
rElec  .         Dismiss  .     (no cloak)
rCorr  .         Reflect  .     (gloves unavailable)
SustAt .         Harm     .     (boots unavailable)
MR     .....     NoTele   +     (no amulet)
Stlth  ..........               (no ring)
                                (no ring)

@: berserking (expiring), very quick, not resistant to hostile enchantments,
extremely unstealthy
A: unfitting armour, see invisible, deformed body, deterioration 2, herbivore 3,
speed 3, low mp 1, slow metabolism 2
a: no special abilities


You were in the Dungeon.
You were not hungry.

You visited 1 branch

Inventory:

Hand Weapons
 a - a +1 dagger (weapon)
Armour
 b - a +1 robe (worn)
Scrolls
 j - a scroll of blinking
Potions
 e - a potion of curing
 f - a potion of heal wounds
 g - a potion of haste
 h - 2 potions of magic
Books
 c - a book of Maledictions

   Spells                             Type                      Level
   a - Corona                         Hexes                        1
   b - Ensorcelled Hibernation        Hexes/Ice                    2
   c - Confuse                        Hexes                        3
   d - Tukima's Dance                 Hexes                        3
   e - Dazzling Spray                 Conjuration/Hexes            3
Comestibles
 d - a bread ration


   Skills:
 + Level 2.0 Fighting
 * Level 4.4 Short Blades
 + Level 1.9 Armour
 * Level 6.6 Dodging
 * Level 7.7 Stealth
 * Level 5.4 Spellcasting
 + Level 5.0 Hexes


You had 12 spell levels left.
You knew the following spells:

 Your Spells              Type           Power        Failure   Level  Hunger
a - Corona                Hex            ###....      1%          1    None


Dungeon Overview and Level Annotations

Branches:
Dungeon (1/1)

Altars:


Innate Abilities, Weirdness & Mutations

You are tiny and cannot use many weapons and most armour.
You have supernaturally acute eyesight.
You are a herbivore.
You cover ground extremely quickly.
You need consume almost no food.
Armour fits poorly on your strangely shaped body.
Your body often deteriorates upon taking damage.
Your magical capacity is low (-10% MP).


Message History

Your Fighting skill gained 2 levels and is now at level 2!
Your Short Blades skill gained 3 levels and is now at level 4!
Your Armour skill increases to level 1!
Your Dodging skill gained 3 levels and is now at level 6!
Your Stealth skill gained 3 levels and is now at level 7!
Your Spellcasting skill gained 3 levels and is now at level 5!
Your Hexes skill gained 2 levels and is now at level 5!
You have reached level 2!
You have reached level 3!
Your experience leads to an increase in your attributes!
Your base attributes are Str 4, Int 16, Dex 16.
Increase (S)trength, (I)ntelligence, or (D)exterity?
You feel agile.
You have reached level 4!
You feel your intelligence returning.
The neqoxec gestures. x2
You hit the neqoxec.
The neqoxec is lightly wounded.
The neqoxec hits you!
You die...

## ##
##. .##
.B B. #
.#$ #5
#+#
#55##.##
#33@<.+
#3##.##
#5 #+# #


You could see 3 neqoxecs, a quasit, a white imp, a shadow imp and an ufetubus.

Vanquished Creatures
  A neqoxec (D)
1 creature vanquished.

Vanquished Creatures (others)
  A crocodile (D)
1 creature vanquished.

Grand Total: 2 creatures vanquished

Notes
Turn   | Place    | Note
--------------------------------------------------------------
     0 | D        | Kidiri the Spriggan Enchanter began the quest for the Orb.
     0 | D        | Reached XP level 1. HP: 9/9 MP: 5/5
     1 | D        | Noticed a boulder beetle
     1 | D        | Noticed a boulder beetle
     4 | D        | Noticed a neqoxec
     4 | D        | Noticed a neqoxec
     4 | D        | Noticed a neqoxec
     4 | D        | Noticed a neqoxec
     5 | D        | Noticed a quasit
     6 | D        | Gained mutation: Your magical capacity is low (-10% MP). [a neqoxec]
    10 | D        | Gained mutation: Your body sometimes deteriorates upon taking damage. [a neqoxec]
    11 | D        | Gained mutation: Your body often deteriorates upon taking damage. [a neqoxec]
    11 | D        | Killed a crocodile
    14 | D        | Gained mutation: Armour fits poorly on your strangely shaped body. [a neqoxec]
    15 | D        | Killed a neqoxec
    15 | D        | Reached skill level 1 in Armour
    15 | D        | Reached skill level 7 in Stealth
    15 | D        | Reached skill level 5 in Spellcasting
    15 | D        | Reached skill level 5 in Hexes
    15 | D        | Reached XP level 2. HP: 2/15 MP: 4/8
    15 | D        | Reached XP level 3. HP: 2/18 MP: 4/9
    15 | D        | Reached XP level 4. HP: 3/23 MP: 4/11
    17 | D        | Mangled by a neqoxec

Vault maps used:
D:        the_violet_keep_of_menkaure

Skill      XL: |  1 |
---------------+----+-----
Fighting       | 2 |  2.0
Short Blades   | 4 |  4.4
Armour         | 1 |  1.9
Dodging        | 6 |  6.6
Stealth        | 7 |  7.7
Spellcasting   | 5 |  5.4
Hexes          | 5 |  5.0

Action                   |  1- 3 |  4- 6 || total
-------------------------+-------+-------++-------
Melee: Dagger            |    10 |     1 ||    11
  Use: Potion            |     1 |       ||     1
Armor: Robe              |     1 |       ||     1
Dodge: Dodged            |     1 |       ||     1
